 Dungeon Crawl Stone Soup version 0.31.0-11-ge490571c62 (webtiles) character file.

Game seed: 15223720956805212707

18692 Skitler the Brawler (level 12, -3/111 HPs)
             Began as a Ghoul Fighter on Jan 30, 2024.
             Was an Initiate of Gozag.
             Slain by a troll (4 damage)
             ... on level 11 of the Dungeon.
             The game lasted 00:25:24 (12511 turns).

Skitler the Brawler (Ghoul Fighter)                Turns: 12511, Time: 00:25:26

Health: -3/111     AC: 14    Str: 31    XL:     12   Next: 61%
Magic:  0/21       EV: 12    Int:  7    God:    Gozag
Gold:   1995       SH:  5    Dex:  8    Spells: 11/11 levels left

rFire   + .          .
                       - Unarmed
rCold   + + .        b - +0 buckler
rNeg    + + +        u - +3 ring mail
rPois   ∞            p - +2 helmet
rElec   .            K - scarf {rC+ rF+}
rCorr   .            (no gloves)
SInv    .            l - +1 pair of boots
Will    .....        e - amulet of guardian spirit Stlth
                     t - +6 ring of strength
HPRegen 0.00/turn    x - ring of magical power
MPRegen 0.17/turn

%: guardian spirit
@: mighty, gold aura, inhibited regen
A: claws 1, cold resistance 1, negative energy resistance 3, inhibited
regeneration, torment resistance 2, devour on kill
a: Renounce Religion, Potion Petition, Call Merchant, Bribe Branch


You were on level 11 of the Dungeon.
You worshipped Gozag.
Gozag was most pleased with you.
You visited 2 branches of the dungeon, and saw 12 of its levels.

You collected 2154 gold pieces.
You paid 159 gold pieces to Gozag.

Inventory:

Hand Weapons
 I - a -2 demon whip of venom
Armour
 a - a +0 scale mail
 b - a +0 buckler (worn)
 j - +0 steam dragon scales
 l - a +1 pair of boots (worn)
 p - a +2 helmet (worn)
 u - a +3 ring mail (worn)
 G - +0 swamp dragon scales
 K - a scarf of resistance (worn)
Jewellery
 e - an amulet of guardian spirit (around neck)
 i - an amulet of magic regeneration
 t - a +6 ring of strength (left claw)
 x - a ring of magical power (right claw)
 B - a ring of wizardry
 E - a ring of wizardry
Wands
 A - a wand of paralysis (36)
 C - a wand of roots (27)
 M - a wand of flame (8)
Scrolls
 d - 2 scrolls of enchant weapon
 g - 7 scrolls of teleportation
 m - a scroll of vulnerability
 o - a scroll of noise
 r - a scroll of brand weapon
 v - a scroll of revelation
 w - a scroll of amnesia
 y - a scroll of immolation
 D - a scroll of blinking
 L - 2 scrolls of identify
 P - a scroll of enchant armour
Potions
 c - a potion of enlightenment
 f - 4 potions of degeneration
 h - 2 potions of resistance
 k - 3 potions of attraction
 n - 3 potions of curing
 q - a potion of haste {unknown}
 s - 3 potions of invisibility {unknown}
 z - a potion of berserk rage {unknown}
 F - 3 potions of brilliance
 H - 2 potions of lignification
Miscellaneous
 N - a tin of tremorstones (2/2)


   Skills:
 * Level 11.6 Fighting
 - Level 3.2 Armour
 * Level 4.9 Dodging
 * Level 9.2 Shields
 - Level 15.1 Unarmed Combat


You had 11 spell levels left.
You didn't know any spells.
Your spell library contained the following spells:

 Spells                   Type           Power      Damage    Failure   Level
 Foxfire                  Conj/Fire      0%         2x1d4     58%         1
 Shock                    Conj/Air       0%         1d3       58%         1
 Blink                    Tloc           0%         N/A       73%         2
 Jinxbite                 Hex            0%         N/A       73%         2
 Static Discharge         Conj/Air       0%         3-3/arc   73%         2
 Hailstorm                Conj/Ice       0%         3d5       91%         3
 Summon Ice Beast         Ice/Summ       0%         N/A       91%         3
 Swiftness                Air            0%         N/A       91%         3
 Tukima's Dance           Hex            0%         N/A       91%         3
 Airstrike                Air            0%         2d(0-16)  100%        4
 Passage of Golubria      Tloc           0%         N/A       100%        4
 Summon Lightning Spire   Summ/Air       0%         N/A       100%        4
 Yara's Violent Unravell  Hex/Alch       0%         3d3       100%        5
 Sculpt Simulacrum        Ice/Alch       0%         N/A       100%        6
 Enfeeble                 Hex            0%         N/A       100%        7
 Malign Gateway           Summ/Tloc      0%         N/A       100%        7


Dungeon Overview and Level Annotations

Branches:
Dungeon (11/15)            Temple (1/1) D:4            Lair (0/5) D:9
    Orc (0/2) D:9

Altars:
Ashenzari
Cheibriados
Dithmenos
Fedhas
Gozag
Hepliaklqana
Kikubaaqudgha
Makhleb
Nemelex Xobeh
Okawaru
Qazlal
Ru
Sif Muna
Trog
Uskayaw
Vehumet
Wu Jian
Xom
Yredelemnul

Portals:
Abyss: D:3

Annotations:
D:3 2 transporters, DeathSocks's ghost, amateur BaHu


Innate Abilities, Weirdness & Mutations

You are immune to poison.
You have sharp fingernails.
Your flesh is cold resistant. (rC+)
You are immune to negative energy. (rN+++)
You do not regenerate when monsters are visible.
You are immune to unholy pain and torment.
You thrive by killing the living.


Message History

Unknown command.
You barely miss the centaur warrior.
You block the centaur warrior's attack. x2
The troll barely misses you. The troll claws you!
* * * LOW HITPOINT WARNING * * *
The troll claws you.
* * * LOW HITPOINT WARNING * * *
The slime creature hits you but does no damage.
Unknown command.
You mangle the centaur warrior!!
The centaur warrior is heavily wounded.
The centaur warrior hits you with a staff of cold.
* * * LOW HITPOINT WARNING * * *
The centaur warrior freezes you.
* * * LOW HITPOINT WARNING * * *
The centaur warrior kicks you but does no damage.
The slime creature hits you!
* * * LOW HITPOINT WARNING * * *
The cyclops is distracted by your dazzling golden aura.
The troll bites you but does no damage. The troll barely misses you. x2
The cyclops shouts!
You mangle the troll!!
The troll is heavily wounded.
The centaur warrior hits you but does no damage.
The centaur warrior freezes you.
* * * LOW HITPOINT WARNING * * *
The centaur warrior barely misses you.
Unknown command.
You closely miss the troll.
The troll is heavily wounded.
The centaur warrior hits you with a staff of cold.
* * * LOW HITPOINT WARNING * * *
The centaur warrior freezes you.
* * * LOW HITPOINT WARNING * * *
The centaur warrior kicks you but does no damage.
An ogre mage comes into view. It is wielding a +0 spear.
The slime creature hits you!
* * * LOW HITPOINT WARNING * * *
The troll bites you.
You die...
Your body crumbles into a pile of gold.

#......###+## ###'#
#..#..##.....# #. #....
#....##.......## #C. #####.#
#...##........[## #T# #[%....
##.#.#...........#... ######.#
...#.#...._._.§§§#c#.# #.......
###.#.+.....⌠..OC§§T.$#.'#####.#
#.#.#...._._§§T§#.# #.......
#...#.......§@c§#... ######.#
#...##......§§J####'####......
#....##.....§$##.......#####.#
#..#..##.....##..##.#...##....
#......###'###...........###'#
#...##.........# #...........
#...#######.#### #...#..#..#
#...# #.# .#.##.##.## #...# #.#
#.........


You could see a slime creature, a centaur warrior, an ogre mage, a cyclops and a
troll.

Vanquished Creatures
  2 hydras (D:11)
  A rakshasa (D:11)
  A centaur warrior (D:11)
  4 two-headed ogres
  3 death yaks (D:9)
  Amaemon (D:9)
  An orc knight (D:10)
  A deep elf pyromancer (D:11)
  2 cyclopes (D:11)
  A manticore (D:11)
  An orange demon (D:9)
  Maggie (D:7)
  A gargoyle (D:10)
  An unseen horror (D:11)
  A yaktaur (D:11)
  A kobold demonologist (D:9)
  2 trolls
  2 slime creatures (D:11)
  4 shadows
  A vampire (D:10)
  A wyvern (D:8)
  4 yaks
  A wraith (D:11)
  A steam dragon (D:6)
  4 vampire mosquitoes (D:11)
  An acid dragon (shapeshifter) (D:11)
  3 acid dragons
  3 ice beasts
  6 orc warriors
  An elephant zombie (D:7)
  An ogre (D:6)
  4 sky beasts
  4 centaurs
  A phantom (D:6)
  A weeping skull (D:8)
  3 bullfrogs
  2 gnoll sergeants
  3 kobold brigands
  4 scorpions
  3 wights (D:8)
  A killer bee (D:11)
  An electric eel (D:8)
  6 howler monkeys
  3 bombardier beetles
  A centaur zombie (D:7)
  5 hounds
  A jelly (D:7)
  2 human zombies (D:7)
  7 orc priests
  A gnoll bouda (D:5)
  2 iguanas
  2 sleepcaps (D:6)
  13 orc wizards
  A hell rat (D:9)
  A killer bee zombie (D:7)
  An ogre zombie (D:7)
  4 hound zombies (D:7)
  2 howler monkey zombies (D:7)
  15 gnolls
  5 adders
  2 river rats (D:9)
  A shadow imp (D:7)
  4 white imps
  2 ufetubi (D:6)
  3 adder zombies (D:7)
  3 dart slugs
  2 ribbon worms
  51 orcs
  6 bats
  15 endoplasms
  4 giant cockroaches
  8 goblins
  13 hobgoblins
  3 jackals (D:2)
  4 quokkas
  4 ball pythons
  3 frilled lizards
  16 kobolds
  4 rats
  A spectral orc (D:8)
306 creatures vanquished.

Notes
Turn   | Place    | Note
-------+----------+-------------------------------------------
     0 | D:1      | Skitler the Ghoul Fighter began the quest for the Orb.
     0 | D:1      | Reached XP level 1. HP: 19/19 MP: 1/1
   200 | D:1      | Reached XP level 2. HP: 26/26 MP: 2/2
   429 | D:1      | Reached XP level 3. HP: 31/33 MP: 3/3
  1254 | D:2      | Reached skill level 3 in Unarmed Combat
  1273 | D:2      | Reached XP level 4. HP: 40/40 MP: 2/4
  2039 | D:3      | Found a transporter.
  2058 | D:3      | Noticed a small abomination
  2083 | D:3      | Found a one-way gate to the infinite horrors of the Abyss.
  2083 | D:3      | Noticed DeathSocks's ghost (amateur BaHu)
  2093 | D:3      | Found a transporter.
  2286 | D:3      | Reached XP level 5. HP: 46/46 MP: 5/5
  2288 | D:3      | Reached skill level 4 in Unarmed Combat
  2389 | D:3      | Noticed a small abomination
  2583 | D:4      | Noticed a sky beast
  2706 | D:4      | Killed a sky beast
  2707 | D:4      | Reached skill level 5 in Unarmed Combat
  2707 | D:4      | Reached XP level 6. HP: 33/53 MP: 4/6
  3077 | D:5      | Entered Level 5 of the Dungeon
  3397 | D:4      | Found a staircase to the Ecumenical Temple.
  3415 | D:4      | Reached XP level 7. HP: 60/60 MP: 7/7
  3455 | D:4      | Reached skill level 6 in Unarmed Combat
  3636 | D:5      | Reached skill level 5 in Fighting
  3982 | D:5      | Reached skill level 7 in Unarmed Combat
  4012 | D:5      | Reached XP level 8. HP: 19/68 MP: 7/8
  4648 | D:6      | Reached skill level 8 in Unarmed Combat
  5081 | D:6      | Reached skill level 9 in Unarmed Combat
  5131 | D:6      | Reached skill level 5 in Shields
  5408 | D:7      | Reached XP level 9. HP: 75/75 MP: 9/9
  5559 | Temple   | Entered the Ecumenical Temple
  5868 | D:7      | Found an opulent altar of Gozag.
  5877 | D:7      | Became a worshipper of Gozag Ym Sagoz the Greedy
  5928 | D:7      | Reached skill level 10 in Unarmed Combat
  6071 | D:7      | Noticed Maggie
  6088 | D:7      | Killed Maggie
  6377 | D:7      | You fall into a shaft and drop 2 floors!
  6448 | D:9      | Noticed an orange demon
  6450 | D:9      | Reached skill level 11 in Unarmed Combat
  6527 | D:9      | Found an iron altar of Okawaru.
  6558 | D:9      | Noticed Amaemon
  6575 | D:9      | Killed Amaemon
  6583 | D:9      | Killed an orange demon
  6584 | D:9      | Reached skill level 12 in Unarmed Combat
  6584 | D:9      | Reached XP level 10. HP: 10/86 MP: 4/10
  7210 | D:7      | Found a basalt altar of Yredelemnul.
  8024 | D:8      | Found an ornate altar of the Wu Jian Council.
  8025 | D:8      | Found a burning altar of Makhleb.
  8040 | D:8      | Found a broken altar of Ashenzari.
  8040 | D:8      | Found a stormy altar of Qazlal.
  8408 | D:8      | Reached skill level 13 in Unarmed Combat
  8468 | D:8      | Found a basalt altar of Yredelemnul.
  8825 | D:9      | Found a staircase to the Orcish Mines.
  9237 | D:9      | Found an ancient bone altar of Kikubaaqudgha.
  9334 | D:9      | Noticed a death yak
  9340 | D:9      | Noticed a death yak
  9341 | D:9      | Noticed a death yak
  9343 | D:9      | Killed a death yak
  9353 | D:9      | Killed a death yak
  9354 | D:9      | Reached skill level 14 in Unarmed Combat
  9354 | D:9      | Reached XP level 11. HP: 66/95 MP: 11/11
  9358 | D:9      | Killed a death yak
  9470 | D:9      | Found a staircase to the Lair.
  9754 | D:10     | Entered Level 10 of the Dungeon
 10132 | D:10     | Found a hazy altar of Hepliaklqana.
 10176 | D:10     | Noticed a two-headed ogre
 10205 | D:10     | Killed a two-headed ogre
 10596 | D:10     | Found a shimmering altar of Xom.
 10598 | D:10     | Found a shimmering blue altar of Sif Muna.
 10602 | D:10     | Noticed a two-headed ogre
 10611 | D:10     | Killed a two-headed ogre
 10612 | D:10     | Reached skill level 15 in Unarmed Combat
 10878 | D:10     | Noticed an orc knight
 10895 | D:10     | Killed an orc knight
 10896 | D:10     | Reached skill level 1 in Dodging
 11415 | D:11     | Noticed a four-headed hydra
 11423 | D:11     | Killed a four-headed hydra
 11673 | D:11     | Noticed a five-headed hydra
 11688 | D:11     | Noticed a cyclops
 11691 | D:11     | Killed a five-headed hydra
 11692 | D:11     | Reached skill level 10 in Fighting
 11692 | D:11     | Reached XP level 12. HP: 72/106 MP: 12/12
 11952 | D:11     | Got Qurphad's Quarto of Moving Bombardment
 12069 | D:11     | Noticed a two-headed ogre
 12071 | D:11     | Noticed a two-headed ogre
 12077 | D:11     | Killed a two-headed ogre
 12083 | D:11     | Killed a two-headed ogre
 12170 | D:11     | Noticed a centaur warrior
 12184 | D:11     | Killed a centaur warrior
 12473 | D:11     | Found an ornate altar of the Wu Jian Council.
 12473 | D:11     | Found a hazy altar of Hepliaklqana.
 12474 | D:11     | Found a broken altar of Ashenzari.
 12474 | D:11     | Found a sparkling altar of Nemelex Xobeh.
 12478 | D:11     | Noticed a rakshasa
 12480 | D:11     | Noticed a centaur warrior
 12507 | D:11     | Killed a rakshasa
 12511 | D:11     | Noticed an ogre mage
 12511 | D:11     | HP: 1/111 [slime creature (6)]
 12511 | D:11     | Slain by a troll

Illustrated notes

Levels and vault maps discovered:
D:1:      lightli_iron_boxes, layout_basic
D:2:      layout_basic, amcnicky_mini_pool_small, minivault_23
D:3:      layout_basic, gammafunk_ghost_abyssal_escape, grunt_ministairs_7
D:4:      layout_rooms, minmay_temple_entry_from_below_b,
          hangedman_decor_opposing
D:5:      layout_loops_ring
D:6:      layout_basic, minmay_crossroads
D:7:      layout_layer_cave, nicolae_elyvilon_peaceful_grove,
          mainiacjoe_overflow_surrounded_room, roadster_capsule_ark_zombie,
          uniq_maggie
D:8:      layout_loops_corners, mainiacjoe_overflow_alcove_3,
          yredelemnul_forgotten_temple_becter, lightli_minifort
D:9:      layout_gridville, general_overflow_altar,
          mainiacjoe_overflow_alcove_1, dpeg_lair_monsters, david_orc_3,
          uniq_amaemon
D:10:     cheibrodos_orc_bank, layout_cave_pods, nicolae_overflow_hidden_temple,
          mainiacjoe_overflow_big_doors
D:11:     minmay_the_grid_octo_tiled_octocenter [minmay_the_grid_octo_shrine,
          minmay_the_grid_octo_77, minmay_the_grid_octo_pinwheel,
          minmay_the_grid_octo_teeth, minmay_the_grid_octo_prize_star,
          minmay_the_grid_square_5x5_n_small,
          minmay_the_grid_square_5x5_shuriken, minmay_the_grid_square_5x5_fat_x,
          minmay_the_grid_square_5x5_meh], layout_loops_ring, minmay_orc_keep
Temple:   dpeg_chambers_temple

Skill      XL: |  1  2  3  4  5  6  7  8  9 10 11 12 |
---------------+-------------------------------------+-----
Shields        | 3 4 5 6 7 8 9 |  9.2
Armour         | 3 |  3.2
Unarmed Combat | 3 5 7 9 12 14 15 | 15.1
Fighting       | 4 5 6 7 8 10 11 | 11.6
Dodging        | 3 4 |  4.9

Action                     |  1- 3 |  4- 6 |  7- 9 | 10-12 || total
---------------------------+-------+-------+-------+-------++-------
  Melee: Unarmed           |   109 |   184 |   274 |   503 ||  1070
    Use: Potion            |       |       |     2 |     2 ||     4
         Scroll            |       |       |    18 |    10 ||    28
   Stab: Distracted        |       |       |       |     2 ||     2
 Armour: Scale mail        |    47 |   131 |   130 |       ||   308
         Ring mail         |       |       |   118 |   378 ||   496
  Dodge: Dodged            |    38 |    50 |   125 |   156 ||   369
  Block: Buckler           |    15 |    23 |    66 |    97 ||   201
